 Dungeon Crawl Stone Soup version 0.14.0-24-gfb45beb (webtiles) character file.

157 Infinimo the Cudgeler (level 4, -3/28 HPs)
             Began as a Gargoyle Fighter on Apr 22, 2014.
             Slain by Crazy Yiuf
             ... wielding a +2,+3 quarterstaff of chaos
              (4 damage)
             ... on Level 2 of the Dungeon.
             The game lasted 00:02:19 (1152 turns).

Infinimo the Cudgeler (Gargoyle Fighter)            Turns: 1152, Time: 00:02:19

HP  -3/28        AC 11     Str 19      XL: 4   Next: 28%
MP   4/4         EV  6     Int  9      God:
Gold 83          SH 18     Dex 10      Spells:  0 memorised,  3 levels left

rFire  . . .     SeeInvis .     a - +1,+0 flail
rCold  . . .     Clarity  .     b - +0 scale mail
rNeg   + . .     Conserve .     c - +0 shield
rPois  +         rCorr    .     (no helmet)
rElec  +         rRot     +     (no cloak)
SustAb . .       Spirit   .     f - +0 pair of gloves
rMut   .         Warding  .     (no boots)
Saprov . . .     Stasis   .     (no amulet)
MR     .....                    (no ring)
                                (no ring)

@: invisible (expiring), very slightly contaminated, slowed, very slow, not
resistant to hostile enchantments, extremely unstealthy
A: life protection 1, electricity resistance, unbreathing, petrification
resistance, AC +3
a: no special abilities


You were on level 2 of the Dungeon.
You were very hungry.

You visited 1 branch of the dungeon, and saw 2 of its levels.

You collected 83 gold pieces.

Inventory:

Hand weapons
 a - a +1,+0 flail (weapon)
Armour
 b - a +0 scale mail (worn)
 c - a +0 shield (worn)
 f - a +0 pair of gloves (worn)
Magical devices
 n - a wand of random effects (8) {unknown}
Comestibles
 d - 2 bread rations
Scrolls
 g - a scroll of noise {unknown}
 h - 2 scrolls of teleportation {unknown}
 o - a scroll of blinking {unknown}
 p - a scroll of amnesia {unknown}
Potions
 e - a potion of might
 i - a potion of degeneration {unknown}
 j - a potion of restore abilities {unknown}
 k - 2 potions of curing {unknown}
 l - 2 potions of heal wounds {unknown}
 m - 2 potions of agility {unknown}


   Skills:
 - Level 3.2 Fighting
 * Level 4.1 Maces & Flails
 + Level 4.1 Armour
 - Level 3.2 Shields


You had 3 spell levels left.
You didn't know any spells.

Dungeon Overview and Level Annotations

Branches:
Dungeon (2/15)

Altars:

Annotations:
D:2 Crazy Yiuf


Innate Abilities, Weirdness & Mutations

You are resistant to torment.
You are immune to poison.
You are immune to rotting.
Your stone body is very resilient (AC +3).
You resist negative energy.
You are resistant to electric shocks.
You can survive without breathing.
You are immune to petrification.


Message History

You are too injured to fight recklessly!
You are too injured to fight recklessly!
Unknown command.
Unknown command.
Your shield and scale mail prevent you from hitting Crazy Yiuf.
Crazy Yiuf is severely wounded.
You block Crazy Yiuf's attack. x2
Crazy Yiuf is severely wounded.
Crazy Yiuf closely misses you. Crazy Yiuf completely misses you.
You catch the helpless Crazy Yiuf completely off-guard!
You hit Crazy Yiuf.
Crazy Yiuf is severely wounded.
You are feeling very hungry.
Crazy Yiuf closely misses you.
Crazy Yiuf is severely wounded.
You flicker for a moment.
Crazy Yiuf hits you with a quarterstaff of chaos!
* * * LOW HITPOINT WARNING * * *
Crazy Yiuf burns you.
You die...

#.. #.. ### #.. #).
#.. #.. #.. .. #..
##.##♣ #.. ♣♣g♣♣♣
#.. ♣♣@♣♣♣ #..
♣♣.♣♣♣ #.# ♣♣♣♣.♣♣
#.# ♣♣♣♣.♣♣♣ #.#
♣♣♣...♣♣ #.#
♣♣.ff.♣♣ #.#
##....## #.# #....#
#.#
#...##############.#


You could see Crazy Yiuf.

Vanquished Creatures
  Jessica (D:2)
  2 adders (D:2)
  A ball python (D:1)
  9 bats
  7 giant cockroaches
  4 goblins
  4 hobgoblins
  3 kobolds
  A quokka (D:2)
  2 rats
34 creatures vanquished.

Notes
Turn   | Place    | Note
--------------------------------------------------------------
     0 | D:1      | Infinimo, the Gargoyle Fighter, began the quest for the Orb.
     0 | D:1      | Reached XP level 1. HP: 14/14 MP: 1/1
   165 | D:1      | Reached XP level 2. HP: 17/19 MP: 2/2
   458 | D:1      | Reached XP level 3. HP: 23/23 MP: 3/3
   893 | D:2      | Noticed Jessica
   906 | D:2      | Killed Jessica
   906 | D:2      | Reached skill level 4 in Maces & Flails
   906 | D:2      | Reached XP level 4. HP: 25/28 MP: 4/4
  1137 | D:2      | Noticed Crazy Yiuf
  1152 | D:2      | HP: 1/28 [Crazy Yiuf/quarterstaff of chaos (8)]
  1152 | D:2      | Slain by Crazy Yiuf

Action                   |  1- 3 |  4- 6 || total
-------------------------+-------+-------++-------
Melee: Flail             |    91 |    17 ||   108
  Use: Scroll            |     2 |       ||     2
 Stab: Invisible         |       |     1 ||     1
